 Dungeon Sprint DCSS version 0.27-a0-773-gaaee5cf45b (webtiles) character file.

Game seed: 16348886208398988517

193 mhtbhm the Cudgeller (level 5, -6/59 HPs)
             Began as a Troll Berserker on Mar 26, 2021.
             Was a Priest of Trog.
             Mangled by a gnoll shaman
             ... wielding a +0 whip
              (14 damage)
             ... in the Dungeon (Sprint IX: "|||||||||||||||||||||||||||||").
             The game lasted 00:00:25 (184 turns).

mhtbhm the Cudgeller (Troll Berserker)               Turns: 184, Time: 00:00:25

Health: -6/59      AC:  4    Str: 26    XL:     5   Next: 44%
Magic:  4/4        EV: 11    Int:  3    God:    Trog [***...]
Gold:   0          SH:  0    Dex:  9    Spells: 4/4 levels left

rFire    . . .     SeeInvis .   a - +0 mace
rCold    . . .     Faith    .   (no shield)
rNeg     . . .     Spirit   .   b - +0 animal skin
rPois    .         Reflect  .   (helmet restricted)
rElec    .         Harm     .   (no cloak)
rCorr    .         Rampage  .   (gloves unavailable)
Will     .....     NoTele   +   (boots unavailable)
Stlth    +.........             (no amulet)
HPRegen  1.19/turn              (no ring)
MPRegen  0.09/turn              (no ring)

@: coronaed, berserk cooldown, glowing
A: large, unfitting armour, claws 3, regeneration 1, shaggy fur 1, tough skin 1
a: Renounce Religion, Berserk, Trog's Hand


You were in the Dungeon.
You worshipped Trog.
Trog was most pleased with you.
You visited 1 branch

Inventory:

Hand Weapons
 a - a +0 mace (weapon)
Armour
 b - a +0 animal skin (worn)
Scrolls
 h - a scroll of blinking
Potions
 c - a potion of curing
 e - a potion of haste
 f - 2 potions of magic
 g - a potion of berserk rage


   Skills:
 + Level 5.7 Fighting
 + Level 7.2 Maces & Flails
 + Level 5.5 Dodging


You had 4 spell levels left.
You didn't know any spells.
Your spell library was empty.

Dungeon Overview and Level Annotations

Branches:
Dungeon (1/1)

Altars:


Innate Abilities, Weirdness & Mutations

You are too large for most types of armour.
You have claws for hands.
Your natural rate of healing is unusually fast.
You are covered in fur. (AC +1)
You have tough skin. (AC +1)


Message History

You are outlined in light.
You hit the gnoll shaman.
The gnoll shaman is almost dead.
The gnoll shaman utters an invocation to its god.
The gnoll shaman is healed somewhat.
The gnoll shaman completely misses you.
You barely miss the gnoll shaman.
The gnoll shaman is severely wounded.
The gnoll shaman utters an invocation to its god.
The gnoll shaman is healed somewhat.
You hit the gnoll shaman but do no damage.
The gnoll shaman is moderately wounded.
The gnoll shaman closely misses you.
The gnoll shaman hits you with a +0 whip!
* * * LOW HITPOINT WARNING * * *
You hit the gnoll shaman.
The gnoll shaman is heavily wounded.
You feel yourself speed up. The gnoll shaman barely misses you.
You closely miss the gnoll shaman.
The gnoll shaman is heavily wounded.
The gnoll shaman barely misses you.
You closely miss the gnoll shaman.
The gnoll shaman is heavily wounded.
The gnoll shaman barely misses you.
You closely miss the gnoll shaman.
The gnoll shaman is heavily wounded.
The gnoll shaman hits you with a +0 whip.
* * * LOW HITPOINT WARNING * * *
You hit the gnoll shaman but do no damage.
The gnoll shaman is heavily wounded.
The gnoll shaman hits you with a +0 whip!
* * * LOW HITPOINT WARNING * * *
You closely miss the gnoll shaman.
The gnoll shaman is heavily wounded.
The gnoll shaman barely misses you.
Unknown command.
You barely miss the gnoll shaman.
The gnoll shaman is heavily wounded.
The gnoll shaman hits you with a +0 whip!
You die... ▓▓▓▓▓▓▓▓▓▓▓▓▓▓▓▓▓▓ ▓<...'†)...'@g...+ ▓▓▓▓▓▓▓▓▓▓▓▓▓▓▓▓▓▓

You could see a gnoll shaman.

Vanquished Creatures
  A centaur (D)
  A phantom (D)
  A jelly (D)
  An adder (D)
  A hobgoblin (D)
  2 kobolds (D)
  A frilled lizard (D)
  A rat (D)
9 creatures vanquished.

Notes
Turn   | Place    | Note
-------+----------+-------------------------------------------
     0 | D        | mhtbhm the Troll Berserker began the quest for the Orb.
     0 | D        | Reached XP level 1. HP: 22/22 MP: 0/0
    16 | D        | Reached ** piety under Trog
    17 | D        | Reached skill level 3 in Maces & Flails
   145 | D        | Noticed a phantom
   145 | D        | Noticed a jelly
   145 | D        | Noticed a centaur
   145 | D        | Noticed a gnoll shaman
   148 | D        | Reached XP level 2. HP: 31/31 MP: 1/1
   154 | D        | Killed a phantom
   154 | D        | Reached *** piety under Trog
   155 | D        | Reached skill level 5 in Maces & Flails
   155 | D        | Reached XP level 3. HP: 40/40 MP: 2/2
   155 | D        | Reached XP level 4. HP: 49/49 MP: 3/3
   158 | D        | Reached skill level 6 in Maces & Flails
   163 | D        | Killed a centaur
   164 | D        | Reached skill level 5 in Fighting
   164 | D        | Reached skill level 7 in Maces & Flails
   164 | D        | Reached skill level 5 in Dodging
   164 | D        | Reached XP level 5. HP: 24/59 MP: 4/4
   167 | D        | HP: 2/59 [gnoll shaman/+0 whip (11)]
   184 | D        | Mangled by a gnoll shaman

Illustrated notes

Levels and vault maps discovered:
D:        linesprint [early_d, line_temple, items_1, d_10, items_2, lair_1,
          lair_end, items_3, orc_1, orc_end, items_4, d_15, swamp_1, shoals_1,
          snake_1, spider_1, d_20, vaults_1, items_5, swamp_end, shoals_end,
          snake_end, spider_end, vaults_end, d_27, items_6, zot_1, zot_end,
          crypt_end, forest_end, elf_end, slime_end, tomb_end, abyss_end,
          pan_hell_end]

Skill      XL: |  1  2  3  4 |
---------------+-------------+-----
Maces & Flails | 3 5 7 |  7.2
Fighting       | 3 4 5 |  5.7
Dodging        | 3 4 5 |  5.5

Action                   |  1- 3 |  4- 6 || total
-------------------------+-------+-------++-------
Melee: Mace              |    31 |    27 ||    58
Invok: Berserk           |     1 |       ||     1
  Use: Potion            |       |     1 ||     1
Armor: Animal skin       |     7 |     3 ||    10
Dodge: Dodged            |    10 |    15 ||    25

Table legend: (Time is in decaauts)
 A = Elapsed time spent in this place.
 B = Non-inter-level travel time spent in this place.
 C = Inter-level travel time spent in this place.
 D = Time resting spent in this place.
 E = Time spent auto-exploring this place.
 F = Levels seen in this place.
 G = Mean time per level.
                   A        B        C        D        E       F      G
               +--------+--------+--------+--------+--------+-----+--------+
         Total |    194 |    194 |      0 |    112 |      3 |   1 |  194.0 |
       Dungeon |    194 |    194 |      0 |    112 |      3 |   1 |  194.0 |
               +--------+--------+--------+--------+--------+-----+--------+

Top non-repeatable levels by time:
       D: 194 daAuts
